 Dungeon Crawl Stone Soup version 0.24-a0-736-g4e6fe308c7 (webtiles) character file.

Game seed: 4068939637050074267, levelgen mode: deterministic

1902 zellgavitz the Grappler (level 8, -10/79 HPs)
             Began as a Troll Monk on Oct 2, 2019.
             Was a Plaything of Xom.
             Mangled by Joseph
             ... wielding a cursed -3 quarterstaff
              (11 damage)
             ... while paralysed by a hornet
             ... on level 8 of the Dungeon.
             The game lasted 00:19:42 (4279 turns).

zellgavitz the Grappler (Troll Monk)                Turns: 4279, Time: 00:19:43

Health: -10/79     AC:  6    Str: 22    XL:     8   Next: 94%
Magic:  7/7        EV:  1    Int: 16    God:    Xom [......]
Gold:   333        SH:  0    Dex: 12    Spells: 7/7 levels left

rFire    . . .     SeeInvis .     - Unarmed
rCold    + . .     Gourm    +   (no shield)
rNeg     . . .     Faith    .   a - +0 robe
rPois    .         Spirit   .   (helmet restricted)
rElec    +         Reflect  .   (no cloak)
rCorr    .         Harm     .   (gloves unavailable)
MR       .....     NoTele   +   (boots unavailable)
Stlth    ++........             (no amulet)
HPRegen  0.63/turn              j - ring of Tonusm {-Tele rElec rC+ Int+10}
MPRegen  0.10/turn              (no ring)

@: paralysed, lethally poisoned (-10 -> -12)
A: large, unfitting armour, claws 3, fast metabolism 3, gourmand, regeneration
1, shaggy fur 1, tough skin 3
a: Renounce Religion


You were on level 8 of the Dungeon.
You worshipped Xom.
You were a very special plaything of Xom.
You were completely stuffed.

You visited 1 branch of the dungeon, and saw 8 of its levels.

You collected 333 gold pieces.

Inventory:

Hand Weapons
 b - a +0 hunting sling
Armour
 a - a +0 robe (worn)
Magical Staves
 i - an uncursed staff of power {unknown}
Jewellery
 j - the ring of Tonusm (left claw) {-Tele rElec rC+ Int+10}
   (You found it on level 4 of the Dungeon)

   [ring of protection from cold]

   It affects your intelligence (+10).
   It protects you from cold.
   It insulates you from electricity.
   It prevents most forms of teleportation.
Wands
 n - a wand of scattershot (7)
 q - a wand of iceblast (4)
Scrolls
 d - 5 scrolls of teleportation
 e - 6 scrolls of amnesia
 f - 2 scrolls of identify
 g - 2 scrolls of magic mapping
 k - a scroll of remove curse
 t - a scroll of enchant weapon {unknown}
 u - a scroll of immolation {unknown}
Potions
 l - a potion of resistance
 m - a potion of agility
 p - a potion of might
Comestibles
 c - 4 chunks of flesh
 h - 4 rations


   Skills:
 + Level 4.4 Fighting
 + Level 4.8 Dodging
 - Level 1.5 Stealth
 + Level 9.7 Unarmed Combat


You had 7 spell levels left.
You didn't know any spells.
Your spell library contained the following spells:

 Spells                   Type           Power        Failure   Level  Hunger
 Magic Dart               Conj           #...         26%         1    ##.....
 Searing Ray              Conj           #.....       36%         2    ###....
 Dazzling Spray           Conj/Hex       #.....       58%         3    ####...
 Force Lance              Conj/Tloc      #.......     94%         4    #####..
 Fulminant Prism          Conj/Hex       #.........   94%         4    #####..
 Iskenderun's Mystic Bla  Conj           #.......     94%         4    #####..


Dungeon Overview and Level Annotations

Branches:
Dungeon (8/15)             Temple (0/1) D:7
   Lair: D:8-11

Altars:
Gozag
Kikubaaqudgha
Xom

Shops:
D:6 *

Annotations:
D:8 Joseph


Innate Abilities, Weirdness & Mutations

You are too large for most types of armour.
You have claws for hands.
Your metabolism is lightning-fast.
You like to eat raw meat.
Your natural rate of healing is unusually fast.
You are covered in fur. (AC +1)
You have extremely tough skin. (AC +3)


Message History

Joseph is heavily wounded. "Let's see if it's strong enough to survive yet."
Joseph hits you with a cursed -3 quarterstaff!
You claw Joseph!
Joseph is heavily wounded.
Joseph hits you with a cursed -3 quarterstaff!
The hornet stings you!
* * * LOW HITPOINT WARNING * * *
You suddenly lose the ability to move! "You have grown too confident for your meagre worth."
Your body is wracked with pain!
* * * LOW HITPOINT WARNING * * *
The hornet stings you!
* * * LOW HITPOINT WARNING * * *
Xom is mildly amused.
You are lethally poisoned!
You shrug off the repeated paralysis!
Joseph hits you with a cursed -3 quarterstaff!
You die...
Xom howls with laughter!

........#.......
###........# .#.#
#########..##.#.# #.....
#..#..#.#### #.....
#........... #.....
#..#........ #.....
#..)........
#....y###.#......###
#...O@...#...#..#
#.##@##..#...#..#
#.##F...........#
#####.#####.##..###.#
#...............# #
#.#.........##......#
#.####........############
#.............#
######.......##


You could see Joseph, a hornet, an ogre and a bullfrog.

Vanquished Creatures
  A hippogriff (D:6)
  Sigmund (D:2)
  A hog (D:7)
  Duvessa (D:4)
  An ogre (D:8)
  2 phantoms
  A centaur (D:5)
  A gnoll sergeant (D:5)
  A bullfrog (D:6)
  Dowan (D:4)
  A scorpion (D:5)
  A howler monkey (D:5)
  A bullfrog zombie (D:6)
  4 hounds
  A jelly (D:8)
  A bullfrog skeleton (D:5)
  A centaur skeleton (D:4)
  An iguana (D:2)
  An orc wizard (D:4)
  Natasha (twice) (D:2)
  4 worker ants
  Robin (D:3)
  A howler monkey zombie (D:8)
  A howler monkey skeleton (D:5)
  7 gnolls
  4 adders
  3 worms (D:2)
  5 dart slugs
  2 leopard geckos
  13 orcs
  6 giant cockroaches
  15 goblins
  10 hobgoblins
  A quokka (D:7)
  6 bats
  5 frilled lizards
  9 kobolds
  A quokka skeleton (D:6)
  8 rats
127 creatures vanquished.

Vanquished Creatures (collateral kills)
  2 orc priests (D:6)
  An orc (D:6)
  A quokka skeleton (D:5)
4 creatures vanquished.

Vanquished Creatures (others)
  A leopard gecko (D:7)
1 creature vanquished.

Grand Total: 132 creatures vanquished

Notes
Turn   | Place    | Note
-------+----------+-------------------------------------------
     0 | D:1      | zellgavitz the Troll Monk began the quest for the Orb.
     0 | D:1      | Reached XP level 1. HP: 22/22 MP: 0/0
   404 | D:1      | Reached XP level 2. HP: 28/29 MP: 1/1
   703 | D:1      | Reached XP level 3. HP: 36/36 MP: 2/2
  1085 | D:1      | pick
  1383 | D:2      | Noticed Natasha
  1390 | D:2      | Killed Natasha
  1419 | D:2      | Reached XP level 4. HP: 41/44 MP: 3/3
  1472 | D:2      | Noticed Sigmund
  1483 | D:2      | Killed Sigmund
  1483 | D:2      | Reached skill level 4 in Unarmed Combat
  1483 | D:2      | Reached XP level 5. HP: 32/53 MP: 4/4
  1745 | D:2      | Reached skill level 5 in Unarmed Combat
  1748 | D:2      | Reached XP level 6. HP: 61/61 MP: 5/5
  1822 | D:2      | Noticed Natasha
  1827 | D:2      | Killed Natasha
  2332 | D:3      | Noticed Robin
  2396 | D:3      | Killed Robin
  2839 | D:4      | Reached skill level 6 in Unarmed Combat
  2858 | D:4      | Found an ancient bone altar of Kikubaaqudgha.
  2985 | D:4      | Reached XP level 7. HP: 65/67 MP: 6/6
  3008 | D:4      | Found a shimmering altar of Xom.
  3010 | D:4      | Found an opulent altar of Gozag.
  3014 | D:4      | Became a worshipper of Xom of Chaos
  3072 | D:4      | Noticed Dowan
  3072 | D:4      | Noticed Duvessa
  3080 | D:4      | Killed Duvessa
  3081 | D:4      | XOM: potion effect (heal wounds)
  3084 | D:4      | XOM: silly message
  3087 | D:4      | Killed Dowan
  3087 | D:4      | Reached skill level 7 in Unarmed Combat
  3277 | D:4      | Got a wavering amber ring
  3283 | D:5      | Entered Level 5 of the Dungeon
  3284 | D:5      | Identified the ring of Tonusm {-Tele rElec rC+ Int+10} (You
                  | found it on level 4 of the Dungeon)
  3289 | D:5      | XOM: cast spell 'Summon Butterflies'
  3292 | D:5      | XOM: fake destruction
  3299 | D:5      | XOM: scenery: create altars
  3300 | D:5      | XOM: scenery: create altars
  3320 | D:5      | XOM: scenery: create altars
  3378 | D:5      | Reached XP level 8. HP: 78/78 MP: 7/7
  3455 | D:6      | Reached skill level 8 in Unarmed Combat
  3462 | D:6      | XOM: summons 6 friendly demons
  3619 | D:5      | XOM: potion effect (heal wounds)
  3626 | D:5      | XOM: summons 2 friendly demons
  3767 | D:6      | Noticed a hippogriff
  3775 | D:6      | XOM: cast spell 'Dispersal'
  3795 | D:6      | XOM: fog
  3802 | D:6      | Killed a hippogriff
  3802 | D:6      | Reached skill level 9 in Unarmed Combat
  3862 | D:6      | XOM: god gift: 56 gold pieces
  3871 | D:6      | Found an opulent altar of Gozag.
  3871 | D:6      | Found Gozag's Platinum Reserve.
  3909 | D:6      | XOM: summons 2 friendly demons
  3913 | D:6      | XOM: summons 8 friendly demons
  3930 | D:7      | Found a staircase to the Ecumenical Temple.
  3935 | D:7      | Noticed Pikel
  3941 | D:7      | Noticed Pikel
  3941 | D:7      | Pikel changed into Pikel the hog
  3941 | D:7      | XOM: polymorph Pikel -> Pikel the hog
  3945 | D:7      | XOM: god gift: 38 gold pieces
  3951 | D:7      | Killed Pikel the hog
  4226 | D:8      | Noticed Joseph
  4277 | D:8      | XOM: summons 3 hostile shadow creatures
  4278 | D:8      | Noticed a hornet
  4278 | D:8      | Paralysed by a hornet for 2 turns
  4279 | D:8      | XOM: torment (10/79 hp)
  4279 | D:8      | HP: 1/79 [hornet[Xom] (9)]
  4279 | D:8      | Mangled by Joseph

Levels and vault maps discovered:
D:1:      matt_arrival_los_fun, layout_basic, kennysheep_doodads, fountainhead
D:2:      wad_river_or_something, layout_loops_ring, uniq_natasha, uniq_sigmund
D:3:      layout_rooms, first_ration, uniq_robin
D:4:      layout_basic, overflow_temple_1_default,
          nicolae_overflow_crystal_walls, grunt_temple_overflow_open,
          st_stairs_9, minmay_cut_off, uniq_duvessa
D:5:      layout_basic, cheibrodos_sewer_entry_bend, gammafunk_ghost_necromancy
D:6:      layout_rooms, nicolae_gozag_zags_fifth_avenue
D:7:      layout_loops_ring, temple_pool_b, the_bakery, uniq_pikel
D:8:      layout_loops_cross, gammafunk_temple_overflow_statue,
          ebering_ghost_disaster_area, serial_shops, nicolae_shop_crystal,
          minmay_misc_feat_more_columns, uniq_gastronok, uniq_joseph,
          uniq_harold

Skill      XL: |  1  2  3  4  5  6  7  8 |
---------------+-------------------------+-----
Fighting       | 3 4 |  4.4
Dodging        | 3 4 |  4.8
Unarmed Combat | 4 5 6 7 9 |  9.7
Stealth        | |  1.5

Action                   |  1- 3 |  4- 6 |  7- 9 || total
-------------------------+-------+-------+-------++-------
Melee: Unarmed           |    52 |   173 |   147 ||   372
       Punch             |     1 |     3 |     2 ||     6
  Use: Scroll            |     1 |       |     5 ||     6
       Potion            |       |     2 |     5 ||     7
 Stab: Sleeping          |     1 |     7 |       ||     8
  Eat: Chunk             |     3 |    23 |     9 ||    35
       Ration            |     2 |       |     2 ||     4
Armor: Robe              |    24 |    83 |    33 ||   140
Dodge: Dodged            |    27 |   111 |    82 ||   220

Table legend:
 A = Non-vault XP
 B = Vault XP
 C = Vault XP percentage of total XP
 D = Non-vault monster count
 E = Vault monster count
 F = Vault count percentage of total count
                 A         B        C        D         E       F
            +---------+---------+-------+---------+---------+-------
      Total |    1805 |     913 |  33.6 |     101 |      30 |  22.9
            +---------+---------+-------+---------+---------+-------
        D:1 |      48 |       0 |   0.0 |      19 |       0 |   0.0
        D:2 |     123 |     268 |  68.5 |      19 |      11 |  36.7
        D:3 |      86 |      35 |  28.9 |      21 |      11 |  34.4
        D:4 |     133 |     410 |  75.5 |       9 |       7 |  43.8
        D:5 |     673 |       0 |   0.0 |      16 |       0 |   0.0
        D:6 |     496 |       0 |   0.0 |      10 |       0 |   0.0
        D:7 |      71 |     200 |  73.8 |       4 |       1 |  20.0
        D:8 |     175 |       0 |   0.0 |       3 |       0 |   0.0
            +---------+---------+-------+---------+---------+-------
